 Dungeon Crawl Stone Soup version 0.17-a0-469-g696e5a1 (webtiles) character file.

1127 Radiman the Geomancer (level 8, -4/44 HPs)
             Began as a Gargoyle Earth Elementalist on Apr 6, 2015.
             Was an Initiate of Vehumet.
             Slain by an ogre
             ... wielding a +0 giant club
              (23 damage)
             ... on level 6 of the Dungeon.
             The game lasted 00:28:57 (6199 turns).

Radiman the Geomancer (Gargoyle Earth Elementalist) Turns: 6199, Time: 00:28:57

Health: -4/44      AC: 11    Str: 11    XL:     8   Next: 35%
Magic:  9/11       EV: 12    Int: 19    God:    Vehumet [......]
Gold:   305        SH:  0    Dex: 10    Spells: 3 memorised, 2 levels left

rFire  . . .     SeeInvis .     t - +4 hand axe (venom)
rCold  . . .     Clarity  .     c - +0 robe
rNeg   + . .     SustAb   .     (no shield)
rPois  ∞         Gourm    .     (no helmet)
rElec  +         Spirit   .     (no cloak)
rCorr  .         Warding  .     B - +0 pair of gloves
rMut   .         Stasis   .     (no boots)
MR     .....                    (no amulet)
Stlth  ++........               h - -3 ring of slaying (curse)
                                f - +3 ring of protection

@: not resistant to hostile enchantments, unstealthy
A: negative energy resistance 1, electricity resistance, unbreathing,
petrification resistance, rot immunity, AC +5
a: Renounce Religion


You were on level 6 of the Dungeon.
You worshipped Vehumet.
Vehumet was noncommittal.
You were hungry.

You visited 2 branches of the dungeon, and saw 7 of its levels.

You collected 305 gold pieces.

Inventory:

Hand weapons
 l - a +1 short sword of venom
 t - a +4 hand axe of venom (weapon)
 u - a +1 dagger of speed
 x - a +0 blowgun
Missiles
 b - 191 stones (quivered)
 o - 7 curare-tipped needles
 y - 8 poisoned needles
Armour
 c - a +0 robe (worn)
 B - a +0 pair of gloves (worn)
 F - a cursed -2 scale mail
Jewellery
 f - a +3 ring of protection (left hand)
 h - a cursed -3 ring of slaying (right hand)
 s - a +2 ring of evasion
 E - a cursed ring of teleportation {unknown}
 G - an uncursed ring of protection from fire {unknown}
Scrolls
 i - a scroll of fear
 n - a scroll of teleportation
 A - a scroll of magic mapping
 C - a scroll of blinking
Potions
 e - a potion of cancellation
 g - 3 potions of flight
 j - 6 potions of heal wounds
 m - a potion of brilliance
 p - a potion of haste
 r - a potion of mutation {unknown}
 v - a potion of agility {unknown}
 w - a potion of curing {unknown}
Books
 d - a book of Geomancy

   Spells                             Type                      Level
   a - Sandblast                      Earth                        1
   b - Stoneskin                      Transmutation/Earth          2
   c - Passwall                       Transmutation/Earth          3
   d - Stone Arrow                    Conjuration/Earth            3
   e - Petrify                        Transmutation/Earth          4
   f - Lee's Rapid Deconstruction     Earth                        5
 z - a book of Control

   Spells                             Type                      Level
   a - Control Teleport               Charms/Translocation         4
   b - Control Undead                 Necromancy                   4
   c - Metabolic Englaciation         Hexes/Ice                    5
   d - Mass Confusion                 Hexes                        6
 H - Sif Muna's Reference Book on Malediction and Ice
   (You found it on level 6 of the Dungeon)

   Spells                             Type                      Level
   a - Corona                         Hexes                        1
   b - Ensorcelled Hibernation        Hexes/Ice                    2
   c - Inner Flame                    Hexes/Fire                   3
   d - Throw Icicle                   Conjuration/Ice              4
   e - Freezing Cloud                 Conjuration/Ice/Air          6
Comestibles
 a - 4 bread rations
 k - 2 slices of pizza
 q - a meat ration


   Skills:
 + Level 1.6 Fighting
 - Level 1.5 Dodging
 - Level 2.1 Stealth
 - Level 2.0 Spellcasting
 - Level 6.5 Conjurations
   Level 0.7 Transmutations
 + Level 9.3 Earth Magic


You had 2 spell levels left.
You knew the following spells:

 Your Spells              Type           Power        Failure   Level  Hunger
a - Sandblast             Erth           #####.       1%          1    #......
b - Stone Arrow           Conj/Erth      ####..       1%          3    ###....
c - Lee's Rapid Deconstr  Erth           #####.....   12%         5    ######.


Dungeon Overview and Level Annotations

Branches:
Dungeon (6/15)             Temple (1/1) D:6

Altars:
Ashenzari
Cheibriados
Dithmenos
Elyvilon
Fedhas
Kikubaaqudgha
Makhleb
Nemelex Xobeh
Qazlal
Ru
Sif Muna
Trog
Vehumet
Xom
Yredelemnul
Zin
The Shining One

Shops:
D:5 =   D:6 ?

Annotations:
D:4 exclusion: ogre


Innate Abilities, Weirdness & Mutations

You are resistant to torment.
Your stone body is resilient (AC +5).
You are immune to poison.
You resist negative energy.
You are resistant to electric shocks.
You can survive without breathing.
You are immune to petrification.
You are immune to rotting.


Message History

Aiming: Sandblast
Press: ? - help, Shift-Dir - straight line, f/p - ogre
Aim: an ogre, wielding a giant club (lightly wounded)
The blast of sand hits the ogre.
The ogre is moderately wounded.
The ogre hits you with a giant club!!
You hit the ogre.
The ogre is poisoned.
The ogre is heavily wounded.
The crimson imp blinks!
The ogre closely misses you.
You barely miss the ogre.
The ogre is severely wounded.
The ogre barely misses you.
You hit the ogre but do no damage.
The ogre looks even sicker.
The ogre is severely wounded.
The ogre hits you with a giant club.
You barely miss the ogre.
The ogre is almost dead.
The ogre hits you with a giant club!!
Ouch! That really hurt!
You die...

....##.## ... ... ## .......# ...
.... ##. ..#...# #.......# #..
.#...##### #.#.....# ##..
#........###.#.....#######...
#####............................
.................................
#######..#...###O##..............
### ##......##@##..#....)......
..## #.................)...)...
...## #.#...##...5....####..#)..
....# #.######.......##..).##...
....# #..### #...##.....#####...
....# ##...# #...##.....# #...
....# ###.# #....##....# #....
....# #.###....##.#..# #..#.
...## #..##....#..#..# ...##.


You could see an ogre and a crimson imp.

Vanquished Creatures
  3 ogres
  2 centaurs
  3 giant frogs
  An orc priest (D:3)
  2 crimson imps
  2 hounds (D:6)
  4 orc wizards
  A worker ant (D:5)
  6 adders
  4 gnolls (D:6)
  2 worms
  A giant gecko (D:6)
  19 orcs
  A ball python (D:3)
  12 bats
  11 giant cockroaches
  5 hobgoblins
  10 jackals
  16 kobolds
  3 quokkas
  5 giant newts
  10 goblins
  5 rats
  A spectral orc (D:2)
129 creatures vanquished.

Notes
Turn   | Place    | Note
--------------------------------------------------------------
     0 | D:1      | Radiman, the Gargoyle Earth Elementalist, began the quest for the Orb.
     0 | D:1      | Reached XP level 1. HP: 10/10 MP: 3/3
   195 | D:1      | Reached skill level 4 in Earth Magic
   280 | D:1      | Reached XP level 2. HP: 15/15 MP: 1/5
   951 | D:1      | Reached XP level 3. HP: 19/19 MP: 6/6
  1075 | D:2      | Reached skill level 5 in Earth Magic
  1307 | D:2      | Found a basalt altar of Yredelemnul.
  1326 | D:2      | Learned a level 3 spell: Stone Arrow
  1904 | D:2      | Reached skill level 1 in Conjurations
  1904 | D:2      | Reached XP level 4. HP: 24/24 MP: 7/7
  2326 | D:3      | Reached skill level 6 in Earth Magic
  2326 | D:3      | Reached XP level 5. HP: 18/28 MP: 6/8
  2437 | D:3      | Found a sacrificial altar of Ru.
  2722 | D:3      | Found a bloodstained altar of Trog.
  3265 | D:4      | Noticed an ogre
  3498 | D:4      | Noticed an ogre
  3541 | D:5      | Entered Level 5 of the Dungeon
  3553 | D:5      | Noticed a centaur
  3559 | D:5      | Killed a centaur
  3559 | D:5      | Reached XP level 6. HP: 6/32 MP: 9/9
  3970 | D:5      | Found Uxar's Jewellery Emporium.
  4052 | D:5      | Noticed an ogre
  4074 | D:5      | Killed an ogre
  4074 | D:5      | Reached skill level 7 in Earth Magic
  4380 | D:5      | Found a shadowy altar of Dithmenos.
  4747 | D:5      | Reached XP level 7. HP: 32/36 MP: 10/10
  5054 | D:5      | Reached skill level 5 in Conjurations
  5113 | D:6      | Found Nefas's Magic Scroll Shop.
  5140 | D:6      | Reached skill level 8 in Earth Magic
  5245 | D:6      | Identified Sif Muna's Reference Book on Malediction and Ice
  5308 | D:6      | Reached XP level 8. HP: 33/41 MP: 11/11
  5584 | D:6      | Reached skill level 9 in Earth Magic
  5619 | D:6      | Learned a level 5 spell: Lee's Rapid Deconstruction
  5637 | D:6      | Reached skill level 1 in Fighting
  5876 | D:6      | Found a staircase to the Ecumenical Temple.
  5881 | Temple   | Entered the Ecumenical Temple
  6077 | Temple   | Became a worshipper of Vehumet
  6199 | D:6      | Slain by an ogre

Action                   |  1- 3 |  4- 6 |  7- 9 || total
-------------------------+-------+-------+-------++-------
Melee: Short sword       |    52 |    34 |       ||    86
       Unarmed           |     2 |       |       ||     2
       Hand axe          |       |    81 |    99 ||   180
 Fire: Blowgun           |       |     5 |       ||     5
 Cast: Sandblast         |    47 |    52 |    32 ||   131
  Use: Scroll            |       |    10 |     5 ||    15
 Stab: Sleeping          |       |     4 |       ||     4
  Eat: Chunk             |     4 |    10 |     4 ||    18
